 Seeded DCSS version 0.30-a0-585-g93115170b9 (webtiles) character file.

Game seed: 6051696848160585110 (custom seed)

22838 purpskrrrp the Peltast (level 13, -7/89 HPs)
             Began as a Formicid Hunter on Jan 1, 2023.
             Was a High Priest of Qazlal.
             Mangled by a sixfirhy (12 damage)
             ... on level 12 of the Dungeon.
             The game lasted 00:40:45 (13250 turns).

purpskrrrp the Peltast (Formicid Hunter)           Turns: 13250, Time: 00:40:45

Health: -7/89      AC:  8    Str: 22    XL:     13   Next: 30%
Magic:  15/15      EV: 13    Int: 10    God:    Qazlal [*****.]
Gold:   163        SH:  0    Dex: 24    Spells: 12/12 levels left

rFire   + + .      SeeInvis +    i - +1 longbow "Guzer" {drain, rElec rF+ rC- Stlth+}
rCold   x x .      Faith    .    r - +7 tower shield
rNeg    . . .      Spirit   .    P - +1 leather armour of the Slightly Bent {Dex+3}
rPois   .          Reflect  .    (helmet unavailable)
rElec   +          Harm     .    H - +1 cloak {Stlth+}
rCorr   .          Rampage  .    (no gloves)
Will    +....                    F - +1 pair of boots
Stlth   +                        (no amulet)
HPRegen 0.34/turn                u - ring of protection from fire
MPRegen 0.14/turn                O - +6 ring of strength

@: confused, ambrosia-drunk, protected from electricity, invisible, repel
missiles
A: permanent stasis, dig shafts and tunnels, antennae 3, four strong arms, cold
vulnerability 1, sturdy frame 1
a: Dig, Shaft Self, Renounce Religion, Upheaval, Elemental Force, Disaster Area


You were on level 12 of the Dungeon.
You worshipped Qazlal.
Qazlal was extremely pleased with you.
You visited 1 branch of the dungeon, and saw 13 of its levels.
You also visited: Ossuary and Ice Cave.

You collected 891 gold pieces.
You spent 728 gold pieces at shops.

Inventory:

Hand Weapons
 i - the +1 longbow "Guzer" (weapon) {drain, rElec rF+ rC- Stlth+}
   (You acquired it on level 3 of the Dungeon)

   A truly terrible weapon, it drains the life of any living foe it strikes.
   rF:        It protects you from fire.
   rC:        It makes you vulnerable to cold.
   rElec:     It insulates you from electricity.
   Stlth:     It makes you more stealthy.
 y - a +4 shortbow of flaming
Missiles
 k - a curare-tipped dart
 t - 5 javelins
 x - 14 poisoned darts
 E - a throwing net
Armour
 r - a +7 tower shield (worn)
 F - a +1 pair of boots (worn)
 G - the +3 leather armour "Balug" {rElec}
   (You took it off an orc wizard on level 7 of the Dungeon)

   rElec:     It insulates you from electricity.
 H - a +1 cloak of stealth (worn)
 I - +0 acid dragon scales
 J - a +10 plate armour of ponderousness
 P - the +1 leather armour of the Slightly Bent (worn) {Dex+3}
   (You found it in an ice cave)

   Dex:       It affects your dexterity (+3).
Magical Staves
 C - a staff of cold
Jewellery
 d - an amulet of guardian spirit
 u - a ring of protection from fire (left hand)
 D - a ring of fire
 K - a ring of resist corrosion
 L - an amulet of the acrobat
 M - a ring of flight
 O - a +6 ring of strength (right hand)
Wands
 j - a wand of flame (42)
 p - a wand of charming (30)
 B - a wand of polymorph (6)
Scrolls
 b - a scroll of immolation
 e - 2 scrolls of magic mapping
 o - a scroll of brand weapon
 q - a scroll of poison
 v - a scroll of enchant weapon
 w - 2 scrolls of silence
Potions
 f - 3 potions of might
 g - 5 potions of brilliance
 h - 3 potions of lignification
 m - 3 potions of magic
 n - 5 potions of flight
Miscellaneous
 l - a box of beasts


   Skills:
 + Level 4.3 Fighting
 + Level 15.1 Ranged Weapons
 + Level 3.5 Dodging
 - Level 1.4 Stealth
 + Level 18.2 Shields
 + Level 3.8 Invocations


You had 12 spell levels left.
You didn't know any spells.
Your spell library contained the following spells:

 Spells                   Type           Power      Damage    Failure   Level
 Freeze                   Ice            0%         1d3       63%         1
 Kiss of Death            Conj/Necr      0%         2d5       63%         1
 Magic Dart               Conj           0%         1d3       63%         1
 Necrotise                Necr           0%         1d4       63%         1
 Sandblast                Erth           0%         2d4       63%         1
 Call Imp                 Summ           0%         N/A       77%         2
 Cigotuvi's Dreadful Rot  Necr/Pois/Air  0%         N/A       77%         2
 Ensorcelled Hibernation  Hex/Ice        0%         N/A       77%         2
 Passwall                 Tmut/Erth      0%         N/A       77%         2
 Static Discharge         Conj/Air       0%         2-2/arc   77%         2
 Sublimation of Blood     Necr           0%         N/A       77%         2
 Confusing Touch          Hex            0%         N/A       94%         3
 Frozen Ramparts          Ice            0%         1d1       94%         3
 Hailstorm                Conj/Ice       0%         3d3       94%         3
 Inner Flame              Hex/Fire       0%         N/A       94%         3
 Mephitic Cloud           Conj/Pois/Air  0%         N/A       94%         3
 Portal Projectile        Hex/Tloc       0%         N/A       94%         3
 Stone Arrow              Conj/Erth      0%         3d7       94%         3
 Tukima's Dance           Hex            0%         N/A       94%         3
 Vampiric Draining        Necr           0%         2d6       94%         3
 Vhi's Electric Charge    Tloc/Air       0%         N/A       94%         3
 Anguish                  Hex/Necr       0%         N/A       100%        4
 Animate Dead             Necr           0%         N/A       100%        4
 Cause Fear               Hex            0%         N/A       100%        4
 Dispel Undead            Necr           0%         3d6       100%        4
 Agony                    Necr           0%         N/A       100%        5
 Arcjolt                  Conj/Air       0%         1d10      100%        5
 Blade Hands              Tmut           0%         N/A       100%        5
 Lee's Rapid Deconstruct  Erth           0%         3d4*      100%        5
 Lightning Bolt           Conj/Air       0%         1d11      100%        5
 Enfeeble                 Hex            0%         N/A       100%        7
 Haunt                    Necr/Summ      0%         N/A       100%        7
 Discord                  Hex            0%         N/A       100%        8
 Infestation              Necr           0%         N/A       100%        8
 Swiftness                Air            Unusable   N/A       N/A         3

Dungeon Overview and Level Annotations

Branches:
Dungeon (13/15)            Temple (0/1) D:6            Lair (0/5) D:11
    Orc (0/2) D:10        Ossuary (visited)           IceCv (visited)
 Vaults: D:13-14

Altars:
Cheibriados
Makhleb
Okawaru
Qazlal
Ru
Wu Jian
Xom

Shops:
D:3 =?*   D:6 (:

Annotations:
D:10 2 runed translucent doors


Innate Abilities, Weirdness & Mutations

You cannot be hasted, slowed, berserked, paralysed or teleported.
You can dig through walls and to a lower floor.
You have a pair of large antennae on your head. (SInv)
Your four strong arms can wield two-handed weapons with a shield.
You are vulnerable to cold. (rC-)
Your movements are slightly less encumbered by armour. (ER -2)


Message History

The bolt of electricity hits the raiju.
The raiju completely resists.
You shoot an arrow. The arrow hits the raiju!!
You kill the raiju!
Qazlal accepts your kill.
The sixfirhy hits you but does no damage.
You block the sixfirhy's attack.
You feel better. You block the sixfirhy's attack. x3
You shoot an arrow. The arrow hits the sixfirhy.
The sixfirhy is lightly wounded.
You block the sixfirhy's attack. x3
The raiju bursts into living lightning!
The living lightning hits the shock serpent.
The shock serpent completely resists.
The living lightning misses the sixfirhy.
The living lightning hits you. You resist.
* * * LOW HITPOINT WARNING * * *
The raiju blinks!
The shock serpent hisses angrily.
The raiju bursts into living lightning!
The living lightning misses you.
The raiju blinks! x2
The shock serpent shoots out a bolt of lightning at you!
The bolt of electricity hits the sixfirhy.
The sixfirhy completely resists.
The bolt of electricity hits you! You resist.
You feel more protected from electricity.
* * * LOW HITPOINT WARNING * * *
The bolt of electricity misses you.
You feel better. You block the raiju's attack.
You are confused.
You feel invigorated. The sixfirhy hits you.
* * * LOW HITPOINT WARNING * * *
The sixfirhy shocks you. You resist.
You feel more protected from electricity.
* * * LOW HITPOINT WARNING * * *
The sixfirhy barely misses you.
The raiju bursts into living lightning!
The living lightning hits you. You resist.
* * * LOW HITPOINT WARNING * * *
The raiju blinks!
The sixfirhy hits you!
You die...

#.# #.# #.##...###..[(.# #.# #.#
#.####..##.....# ###.####.# #..#
##..#.##### #..).#...# ##.##
##>..######### #....#.### #..#
#...........# #....#.# ##.#
#.#.........# # #....#.# #.#
#.#.........# ###.<..#.# #.#
#.#.........#
....####.#######@####)..........#
...#####.......h.3.S..#.........#
##...#.....#####.####.#.........#
...........# #.###..#.........#
.!.........# #.#...##.........#
......###### #..)####.........#
........#### ###.# ###########
......#....## #.# ......####..#
##.##


You could see a shock serpent (unable to see you), a sixfirhy (unable to see
you) and a raiju.

Vanquished Creatures
  A hydra (D:11)
  A rakshasa (D:10)
  A boulder beetle (D:12)
  5 two-headed ogres
  2 tengu warriors
  A sixfirhy (D:13)
  An orc knight (D:10)
  A manticore (D:7)
  A cyclops (D:7)
  4 ugly things
  The ghost of Rappanathuk the Ruffian, a novice TrBe of Trog (D:5)
  2 ice statues (IceCv)
  A rime drake (D:11)
  2 tengu conjurers
  2 komodo dragons
  2 trolls
  Grinder (D:3)
  2 raiju
  A hornet (shapeshifter) (D:12)
  Sigmund (D:4)
  A wyvern (D:10)
  5 wraiths
  A basilisk (D:13)
  A vampire (D:9)
  16 yaks
  3 vampire mosquitoes
  2 acid dragons
  4 sky beasts
  3 water moccasins
  8 orc warriors
  4 black bears
  6 ice beasts
  3 ogres
  2 wolves (D:11)
  5 centaurs
  A phantom (D:5)
  Blork the orc (D:6)
  2 bullfrogs
  3 kobold brigands
  4 scorpions
  A necrophage (D:7)
  7 wights
  6 killer bees
  An elephant simulacrum (IceCv)
  An electric eel (D:6)
  8 howler monkeys
  2 jellies
  A centaur zombie (Ossuary)
  6 hounds
  Crazy Yiuf (D:4)
  A gnoll bouda (D:9)
  2 human zombies (Ossuary)
  4 orc priests
  Natasha (twice) (D:3)
  An iguana (D:5)
  10 orc wizards
  2 wolf simulacra (IceCv)
  3 mummies
  14 gnolls
  9 adders
  A shadow imp (D:7)
  4 white imps
  An ufetubus (D:7)
  3 adder zombies (Ossuary)
  4 worms
  8 dart slugs
  30 orcs
  11 endoplasms
  7 giant cockroaches
  9 goblins
  10 hobgoblins
  11 jackals (D:4)
  4 quokkas
  7 ball pythons
  8 bats
  5 frilled lizards
  12 hobgoblin zombies (Ossuary)
  A jackal zombie (Ossuary)
  21 kobolds
  7 kobold zombies (Ossuary)
  10 orc zombies (Ossuary)
  4 rats
  A rat zombie (Ossuary)
369 creatures vanquished.

Vanquished Creatures (others)
  3 plants (D:6)
3 creatures vanquished.

Grand Total: 372 creatures vanquished

Notes
Turn   | Place    | Note
-------+----------+-------------------------------------------
     0 | D:1      | purpskrrrp the Formicid Hunter began the quest for the Orb.
     0 | D:1      | Reached XP level 1. HP: 16/16 MP: 1/1
   121 | D:1      | Reached XP level 2. HP: 22/22 MP: 2/2
   383 | D:1      | Reached XP level 3. HP: 27/27 MP: 3/3
   840 | D:1      | Reached skill level 5 in Ranged Weapons
   920 | D:2      | Found a stormy altar of Qazlal.
   986 | D:2      | Became a worshipper of Qazlal Stormbringer
  1021 | D:2      | Reached XP level 4. HP: 32/33 MP: 4/4
  1053 | D:2      | Reached skill level 1 in Shields
  1157 | D:2      | You fall into a shaft and drop 1 floor!
  1166 | D:3      | Noticed Grinder
  1186 | D:3      | Found Zuag's Magic Scroll Shoppe.
  1401 | D:2      | Reached skill level 2 in Shields
  1407 | D:2      | Reached XP level 5. HP: 28/38 MP: 5/5
  1524 | D:2      | Reached * piety under Qazlal
  1880 | D:3      | Reached skill level 3 in Shields
  1961 | D:3      | Found Peube's General Store.
  2087 | D:3      | Reached XP level 6. HP: 44/44 MP: 6/6
  2120 | D:3      | Noticed Natasha
  2129 | D:3      | Killed Natasha
  2157 | D:3      | Killed Grinder
  2158 | D:3      | Reached skill level 5 in Shields
  2158 | D:3      | Reached XP level 7. HP: 31/50 MP: 7/7
  2405 | D:3      | Found Jaghetz's Jewellery Emporium.
  3082 | D:4      | Reached ** piety under Qazlal
  3182 | D:4      | Found a sand-covered staircase.
  3189 | Ossuary  | Entered an ossuary
  3347 | Ossuary  | Reached skill level 6 in Shields
  3358 | Ossuary  | Gained mutation: You are frail. (-10% HP) [potion of
                  | mutation]
  3358 | Ossuary  | Gained mutation: You occasionally shout uncontrollably at
                  | your foes. [potion of mutation]
  3412 | Ossuary  | Reached *** piety under Qazlal
  3625 | D:4      | Reached XP level 8. HP: 48/50 MP: 8/8
  3651 | D:4      | Reached skill level 7 in Shields
  3728 | D:4      | Noticed Sigmund
  3741 | D:4      | Killed Sigmund
  3995 | D:4      | Reached skill level 8 in Shields
  4007 | D:4      | Found a runed translucent door.
  4008 | D:4      | Noticed Crazy Yiuf
  4365 | D:5      | Entered Level 5 of the Dungeon
  4720 | D:5      | Reached skill level 9 in Shields
  4720 | D:5      | Reached XP level 9. HP: 54/54 MP: 9/9
  4731 | D:5      | Found a large runed translucent door.
  4731 | D:5      | Found a large runed translucent door.
  4745 | D:5      | Noticed Rappanathuk's ghost (novice TrBe)
  4959 | D:5      | Identified the +0 leather armour of Truth {Will- Regen+
                  | Int+2}
  5314 | D:6      | Reached skill level 10 in Shields
  5343 | D:6      | Noticed a komodo dragon
  5353 | D:6      | HP: 2/54 [centaur/arrow (12)]
  5353 | D:6      | Killed a komodo dragon
  5567 | D:6      | Reached skill level 10 in Ranged Weapons
  5614 | D:6      | Reached skill level 11 in Shields
  5675 | D:6      | Found a staircase to the Ecumenical Temple.
  5848 | D:6      | Found Dip Neupto's Weapon Shop.
  6065 | D:6      | Found Iqagg's Vocational Training.
  6332 | D:6      | Noticed Blork the orc
  6341 | D:6      | Killed Blork the orc
  6342 | D:6      | Reached XP level 10. HP: 49/60 MP: 10/10
  6342 | D:6      | Reached **** piety under Qazlal
  6834 | D:7      | Found a shimmering altar of Xom.
  6835 | D:7      | Found an iron altar of Okawaru.
  6835 | D:7      | Found a sacrificial altar of Ru.
  6835 | D:7      | Found a sacrificial altar of Ru.
  6852 | D:7      | Reached skill level 12 in Shields
  6893 | D:7      | Noticed a red ugly thing
  6893 | D:7      | Noticed a two-headed ogre
  6896 | D:7      | Noticed a manticore
  6897 | D:7      | Noticed a cyclops
  6900 | D:7      | Killed a two-headed ogre
  6900 | D:7      | Killed a red ugly thing
  6901 | D:7      | Reached skill level 13 in Shields
  6908 | D:7      | You fall into a shaft and drop 2 floors!
  7598 | D:8      | Noticed a two-headed ogre
  7609 | D:8      | Killed a two-headed ogre
  7610 | D:8      | Reached skill level 14 in Shields
  7610 | D:8      | Reached XP level 11. HP: 41/64 MP: 11/11
  7758 | D:8      | Lost mutation: You occasionally shout uncontrollably at
                  | your foes. [potion of mutation]
  7758 | D:8      | Lost mutation: You are frail. (-10% HP) [potion of
                  | mutation]
  7758 | D:8      | Gained mutation: You have sharp toenails. [potion of
                  | mutation]
  7758 | D:8      | Gained mutation: You are partially covered in iridescent
                  | scales. (AC +2) [potion of mutation]
  7790 | D:8      | Found a stormy altar of Qazlal.
  8027 | D:7      | Found a burning altar of Makhleb.
  8087 | D:7      | Identified the +3 leather armour "Balug" {rElec}
  8150 | D:7      | Killed a cyclops
  8460 | D:7      | Reached ***** piety under Qazlal
  8488 | D:7      | Killed a manticore
  8585 | D:7      | Got Hiloask's Precepts of the Unholy Rocks
  9010 | D:4      | Killed Crazy Yiuf
  9087 | D:5      | Killed Rappanathuk's ghost
  9088 | D:5      | Reached skill level 15 in Shields
  9863 | D:10     | Entered Level 10 of the Dungeon
 10110 | D:10     | Found a staircase to the Orcish Mines.
 10303 | D:10     | Found a large runed translucent door.
 10303 | D:10     | Noticed an orc knight
 10304 | D:10     | Found a large runed translucent door.
 10307 | D:10     | Noticed a rakshasa
 10307 | D:10     | Noticed a white ugly thing
 10329 | D:10     | Killed a rakshasa
 10333 | D:10     | Reached skill level 16 in Shields
 10342 | D:10     | Reached XP level 12. HP: 78/78 MP: 12/12
 10500 | D:10     | Found an ornate altar of the Wu Jian Council.
 10701 | D:10     | Found a large runed translucent door.
 10701 | D:10     | Found a large runed translucent door.
 11026 | D:11     | Found a frozen archway.
 11042 | IceCv    | Entered an ice cave
 11062 | IceCv    | Found a transporter.
 11076 | IceCv    | Found a transporter.
 11121 | IceCv    | Identified the +1 leather armour of the Slightly Bent
                  | {Dex+3}
 11263 | D:11     | Noticed a two-headed ogre
 11270 | D:11     | Killed a two-headed ogre
 11371 | D:11     | Reached skill level 17 in Shields
 11429 | D:11     | Found a staircase to the Lair.
 11626 | D:11     | Noticed a seven-headed hydra
 11796 | D:11     | Killed a seven-headed hydra
 12215 | D:3      | Noticed Natasha
 12216 | D:3      | Killed Natasha
 12223 | D:3      | Bought a scroll of acquirement for 728 gold pieces
 12223 | D:3      | Acquired the +1 longbow "Guzer" {drain, rElec rF+ rC-
                  | Stlth+}
 12471 | D:10     | Reached skill level 1 in Invocations
 12608 | D:12     | Noticed a boulder beetle
 12620 | D:12     | Killed a boulder beetle
 12644 | D:12     | Reached XP level 13. HP: 86/86 MP: 14/14
 12691 | D:12     | Reached skill level 15 in Ranged Weapons
 12939 | D:12     | Found a snail-covered altar of Cheibriados.
 13092 | D:13     | Reached skill level 18 in Shields
 13137 | D:12     | Lost mutation: You have sharp toenails. [potion of
                  | mutation]
 13137 | D:12     | Lost mutation: You are partially covered in iridescent
                  | scales. (AC +2) [potion of mutation]
 13137 | D:12     | Gained mutation: Your movements are slightly less
                  | encumbered by armour. (ER -2) [potion of mutation]
 13137 | D:12     | Gained mutation: You are vulnerable to cold. (rC-) [potion
                  | of mutation]
 13248 | D:12     | HP: 3/89 [shock serpent/bolt of electricity (10)]
 13250 | D:12     | Mangled by a sixfirhy

Illustrated notes

Levels and vault maps discovered:
D:1:      roderic_chinese_lattice_arrival, layout_basic,
          serial_co_window_serial, co_window_paths_a,
          co_window_of_opportunity_a, co_window_paths_a, co_window_paths_b,
          co_window_paths_a, co_window_paths_a, co_window_corner_a,
          co_window_corner_cb, co_window_unsneaky_path_b, co_window_corner_b,
          co_window_4corner_a, co_window_paths_e, glass_columns_a
D:2:      layout_rooms, basic_altar
D:3:      minmay_angry_zag, layout_basic, serial_shops, shop,
          nicolae_lakefront_shop, shop, uniq_natasha, uniq_grinder
D:4:      cheibrodos_quashed, layout_basic, gup_ossuary_entry_pyramid,
          uniq_sigmund, uniq_crazy_yiuf_cottage
D:5:      layout_basic, ebering_ghost_disaster_area
D:6:      kennysheep_big_flooded_room, layout_layer_cave,
          minmay_temple_entry_poolview, serial_shops, nicolae_lakefront_shop,
          kennysheep_nondescript, serial_bayou_pond_b, nicolae_shop_vocational,
          uniq_blork_the_orc
D:7:      minmay_the_grid_octo_tiled_octocenter [minmay_the_grid_octo_empty,
          minmay_the_grid_octo_clover, minmay_the_grid_octo_shrine,
          minmay_the_grid_octo_fan_narrow,
          minmay_the_grid_octo_prize_square_snowflake,
          minmay_the_grid_square_5x5_hollow_slash,
          minmay_the_grid_square_5x5_hourglass,
          minmay_the_grid_square_5x5_sharp_hourglass,
          minmay_the_grid_square_5x5_inner_i], layout_rooms, bloody_makhleb,
          chequers_decorated_corner
D:8:      layout_loops_ring, marbit_many_paths
D:9:      layout_gridville, st_stairs_11, hangedman_decor_diamond_cutter
D:10:     layout_basic, nzn_wu_jian_council_hall, orc_0_dummy,
          minmay_hollow_rounded_squares
D:11:     layout_irregular_city, hellmonk_lair_entry_icy,
          portal_ice_cave_entry_pillars_2, nicolae_twisting_strands
D:12:     layout_rooms, cheibriados_altar_1
D:13:     minmay_shoctagon, layout_basic, david_vaults_2,
          nicolae_trove_entry_path_of_doom, minmay_misc_feat_tiny,
          reono_crystal_passage, uniq_kirke, uniq_frances

Skill      XL: |  1  2  3  4  5  6  7  8  9 10 11 12 13 |
---------------+----------------------------------------+-----
Ranged Weapons | 5 6 7 8 10 12 13 14 15 | 15.1
Shields        | 2 3 5 6 9 11 14 16 17 18 | 18.2
Dodging        | 2 3 |  3.5
Invocations    | 1 3 |  3.8
Fighting       | 3 4 |  4.3
Stealth        | |  1.4

Action                   |  1- 3 |  4- 6 |  7- 9 | 10-12 | 13-15 || total
-------------------------+-------+-------+-------+-------+-------++-------
Melee: Shortbow          |       |       |       |     3 |       ||     3
 Fire: Shortbow          |    86 |   156 |   411 |   622 |       ||  1275
       Longbow           |       |       |       |    41 |    61 ||   102
Invok: Upheaval          |       |       |     3 |     2 |       ||     5
 Abil: Dig               |       |     3 |     1 |       |       ||     4
       Shaft Self        |       |       |       |     1 |       ||     1
  Use: Scroll            |     3 |     6 |     7 |    16 |     2 ||    34
       Potion            |       |     1 |     3 |     5 |     8 ||    17
Armor: Leather armour    |     7 |    20 |    49 |    26 |    32 ||   134
       Skin              |       |     3 |       |       |       ||     3
       Troll leather arm |       |       |       |    11 |       ||    11
Dodge: Dodged            |    15 |    54 |    75 |    60 |    29 ||   233
       Repelled          |       |       |       |       |     3 ||     3
Block: Buckler           |       |    34 |     5 |       |       ||    39
       Tower shield      |       |       |   288 |   489 |    99 ||   876

Table legend: (Time is in decaauts)
 A = Elapsed time spent in this place.
 B = Non-inter-level travel time spent in this place.
 C = Inter-level travel time spent in this place.
 D = Time resting spent in this place.
 E = Time spent auto-exploring this place.
 F = Levels seen in this place.
 G = Mean time per level.
                   A        B        C        D        E       F      G
               +--------+--------+--------+--------+--------+-----+--------+
         Total |  13515 |  12445 |   1070 |   1303 |   8259 |  15 |  901.0 |
       Dungeon |  12943 |  11873 |   1070 |   1303 |   8121 |  13 |  995.6 |
       Ossuary |    442 |    442 |      0 |      0 |    129 |   1 |  442.0 |
      Ice Cave |    129 |    129 |      0 |      0 |      9 |   1 |  129.0 |
               +--------+--------+--------+--------+--------+-----+--------+

Top non-repeatable levels by time:
    D:10: 1348 daAuts
     D:6: 1334 daAuts
     D:3: 1328 daAuts
     D:4: 1282 daAuts
     D:5: 1152 daAuts
     D:7: 1092 daAuts
     D:9: 1058 daAuts
     D:8: 1030 daAuts
     D:1: 940 daAuts
    D:11: 899 daAuts
     D:2: 826 daAuts
    D:12: 595 daAuts
 Ossuary: 442 daAuts
   IceCv: 129 daAuts
    D:13: 54 daAuts
